 Dungeon Crawl Stone Soup version 0.28-a0-95-g65e1ffefe4 (webtiles) character file.

Game seed: 16667674666993591375

137 Anathary the Covert (level 5, 0/34 HPs)
             Began as an Octopode Brigand on Aug 8, 2021.
             Killed from afar by a steam dragon (22 damage)
             ... with a ball of steam
             ... on level 4 of the Dungeon.
             The game lasted 00:07:31 (2979 turns).

Anathary the Covert (Octopode Brigand)              Turns: 2979, Time: 00:07:32

Health: 0/34       AC:  1    Str: 11    XL:     5   Next: 20%
Magic:  5/5        EV: 13    Int: 13    God:
Gold:   145        SH:  0    Dex: 14    Spells: 4/4 levels left

rFire   . . .      SeeInvis .   a - +2 dagger
rCold   . . .      Faith    .   (no shield)
rNeg    . . .      Spirit   .   (helmet restricted)
rPois   .          Reflect  .   (no amulet)
rElec   .          Harm     .   (no ring)
rCorr   .          Rampage  .   (no ring)
Will    .....                   (no ring)
Stlth   +++++.....              (no ring)
HPRegen 0.11/turn               (no ring)
MPRegen 0.09/turn               (no ring)
                                (no ring)
                                (no ring)

@: no status effects
A: almost no armour, amphibious, 8 rings, camouflage 1, gelatinous body 1,
(nimble swimmer 1), tentacles
a: no special abilities


You were on level 4 of the Dungeon.
You visited 1 branch of the dungeon, and saw 4 of its levels.

You collected 145 gold pieces.

Inventory:

Hand Weapons
 a - a +2 dagger (weapon)
Missiles
 b - 17 poisoned darts (quivered)
 c - 2 curare-tipped darts
Scrolls
 k - a scroll of noise {unknown}
Potions
 d - a potion of ambrosia {unknown}
 e - a potion of curing {unknown}
 f - a potion of cancellation {unknown}
 g - 2 potions of flight {unknown}
 h - a potion of haste {unknown}
 i - a potion of might {unknown}


   Skills:
 + Level 2.2 Fighting
 + Level 2.3 Short Blades
 - Level 2.0 Throwing
 * Level 1.9 Dodging
 * Level 8.0 Stealth


You had 4 spell levels left.
You didn't know any spells.
Your spell library was empty.

Dungeon Overview and Level Annotations

Branches:
Dungeon (4/15)
 Temple: D:4-7

Altars:


Innate Abilities, Weirdness & Mutations

You cannot wear most types of armour.
You are amphibious.
You can wear up to eight rings at the same time.
Your skin changes colour to match your surroundings (Stealth+).
Your rubbery body absorbs attacks. (AC +1, EV +1)
((You are camouflaged near water. (Stealth+)))
You have tentacles for arms and can constrict up to eight enemies at once.


Message History

The goblin completely misses you.
You hit the goblin.
You kill the goblin!
You feel sick.
You feel sick.
You are no longer poisoned.
Things that are here:
a +0 club; a +0 hunting sling; 8 stones You start resting.
HP restored.
k - a scroll labelled YCUDWA ORUF
Found a stone staircase leading up.
Things that are here:
a +0 club; a +0 hunting sling; 8 stones Done exploring.
Done exploring.
As you read the scroll labelled OKUTWUGGEA, it crumbles to dust.
You feel momentarily disoriented.
It was a scroll of magic mapping.
There is a stone staircase leading down here.
You climb downwards.
A ball python and a steam dragon come into view.
Found a hand axe, a scroll labelled GAR BAFASYE, 16 gold pieces and a dagger.
Found an escape hatch in the floor.
There is a stone staircase leading up here.
The steam dragon hisses angrily.
Found 7 gold pieces.
The steam dragon closely misses you. The steam dragon claws you.
Found a fizzy ruby potion.
You barely miss the steam dragon. The steam dragon completely misses you.
The steam dragon claws you.
You closely miss the steam dragon. You hit the steam dragon.
The steam dragon is lightly wounded.
The steam dragon bites you. The steam dragon claws you.
You hit the steam dragon.
The steam dragon is lightly wounded.
The steam dragon breathes steam at you. The ball of steam hits you!!
Ouch! That really hurt!
You die...

# . .# . .#.##
!##...#
.....## .
#.....##.$
#.....$..#
#.D...# #@...#
#.######....#
#...)..<#####
#####..?.....#
#........#
###S.....#
#>.....#
#......#
#......#


You could see a steam dragon (catching breath) and a ball python (asleep).

Vanquished Creatures
  A hound skeleton (D:3)
  7 adders
  A worm (D:3)
  2 dart slugs
  6 bats
  2 endoplasms
  3 giant cockroaches
  6 hobgoblins
  2 jackals (D:3)
  2 quokkas (D:1)
  4 ball pythons
  4 frilled lizards
  7 goblins
  3 kobolds
  8 rats
58 creatures vanquished.

Notes
Turn   | Place    | Note
-------+----------+-------------------------------------------
     0 | D:1      | Anathary the Octopode Brigand began the quest for the Orb.
     0 | D:1      | Reached XP level 1. HP: 14/14 MP: 1/1
   261 | D:1      | Reached XP level 2. HP: 19/19 MP: 2/2
   337 | D:1      | Reached skill level 6 in Stealth
   337 | D:1      | Found a faded altar of an unknown god.
   827 | D:2      | Reached XP level 3. HP: 24/24 MP: 3/3
  1319 | D:2      | Reached skill level 7 in Stealth
  1324 | D:2      | Reached XP level 4. HP: 22/29 MP: 4/4
  2295 | D:3      | Reached XP level 5. HP: 34/34 MP: 5/5
  2662 | D:3      | Reached skill level 8 in Stealth
  2973 | D:4      | Noticed a steam dragon
  2979 | D:4      | Killed from afar by a steam dragon

Illustrated notes

Levels and vault maps discovered:
D:1:      saegor_arrival_simple_c, layout_basic,
          hellmonk_ecumenical_altar_run_dry
D:2:      minmay_wonky_spiral, layout_loops_ring
D:3:      layout_rooms, chequers_decorated_corner
D:4:      layout_basic, nicolae_uskayaw_murder_on_the_dancefloor, uniq_edmund,
          uniq_menkaure, uniq_pikel

Skill      XL: |  1  2  3  4  5 |
---------------+----------------+-----
Stealth        | 6 7 8 |  8.0
Fighting       | |  2.2
Short Blades   | |  2.3
Throwing       | |  2.0
Dodging        | |  1.9

Action                   |  1- 3 |  4- 6 || total
-------------------------+-------+-------++-------
Melee: Dagger            |    61 |    60 ||   121
       Constrict         |    13 |     8 ||    21
       Tentacles         |     6 |    10 ||    16
  Use: Scroll            |       |     1 ||     1
 Stab: Sleeping          |    13 |     7 ||    20
       Distracted        |       |     1 ||     1
Armor: Skin              |     1 |     5 ||     6
Dodge: Dodged            |    29 |    39 ||    68

Table legend: (Time is in decaauts)
 A = Elapsed time spent in this place.
 B = Non-inter-level travel time spent in this place.
 C = Inter-level travel time spent in this place.
 D = Time resting spent in this place.
 E = Time spent auto-exploring this place.
 F = Levels seen in this place.
 G = Mean time per level.
                   A        B        C        D        E       F      G
               +--------+--------+--------+--------+--------+-----+--------+
         Total |   2964 |   2829 |    135 |   1144 |   1109 |   4 |  741.0 |
       Dungeon |   2964 |   2829 |    135 |   1144 |   1109 |   4 |  741.0 |
               +--------+--------+--------+--------+--------+-----+--------+

Top non-repeatable levels by time:
     D:2: 1255 daAuts
     D:3: 904 daAuts
     D:1: 799 daAuts
     D:4: 5 daAuts
